AoeStats
← UrgedAsp3757

Golden Pit

508015678Analyzed
1v1 RM · 11d ago on Sep 20, 2026· 59m 25s· 2 players
Game mode
Random Map
Map size
Tiny (2 player)
Population
200
Speed
Normal
Resources
Standard
Victory
Conquest
Starting age
Dark Age
Ending age
Imperial Age
RankedLock teamsTeams togetherTeam positionsShared explorationLock speedFull tech treeHidden civsTurbo modeCheats
Victory
Defeat
🇪🇪 Japanese · Estonia
625
+17
🇨🇴 Burgundians · Colombia
657
-17
mAttz
13:04 Feudal Age
11:21 Loom
13:43 Horse Collar
13:51 Double-Bit Axe
15:12 Man-at-Arms
17:42 Scale Mail Armor
17:54 Forging
20:55 Town Watch
21:46 Wheelbarrow
27:03 Castle Age
26:45 Arson
28:02 Stone Mining
28:02 Gold Mining
29:07 Town Patrol
29:44 Gambesons
29:19 Long Swordsman
30:03 Squires
32:21 Elite Skirmisher
34:24 Bow Saw
39:43 Imperial Age
41:07 Chain Mail Armor
41:27 Iron Casting
40:55 Padded Archer Armor
40:47 Fletching
45:50 Capped Ram
49:20 Gold Shaft Mining
49:59 Two-Handed Swordsman
51:50 Elite Samurai
53:18 Bodkin Arrow
54:24 Blast Furnace
53:55 Plate Mail Armor
53:52 Champion
57:26 Champion
59:30 Bracer
59:46 Leather Archer Armor
60:04 Parthian Tactics
UrgedAsp3757
11:04 Feudal Age
9:38 Horse Collar
11:24 Double-Bit Axe
12:23 Heavy Plow
15:44 Wheelbarrow
15:31 Bow Saw
16:30 Stone Mining
18:02 Fletching
20:13 Scale Mail Armor
21:14 Forging
21:34 Gold Mining
26:00 Castle Age
26:21 Pikeman
28:07 Two-Man Saw
27:47 Gold Shaft Mining
28:59 Hand Cart
29:31 Chain Mail Armor
30:32 Iron Casting
30:03 Scale Barding Armor
29:51 Town Watch
30:35 Cavalier
32:55 Chain Barding Armor
34:04 Stone Shaft Mining
36:31 Bodkin Arrow
39:10 Imperial Age
39:44 Husbandry
42:10 Blast Furnace
42:12 Plate Mail Armor
44:49 Ballistics
50:57 Halberdier
Connection lost

Rejoining the realm…

Still unreachable

The connection could not be restored.

Session expired

The server has moved on; the page needs a fresh start.